 Dungeon Crawl Stone Soup version 0.26-a0-708-g17f3b19 (webtiles) character file.

Game seed: 7221870879890627960

1282 BarneyGumball the Cleaver (level 8, -5/46 HPs)
             Began as a Gargoyle Fighter on Oct 28, 2020.
             Was a Follower of Okawaru.
             Slain by a two-headed ogre
             ... wielding a cursed +0 giant club
              (15 damage)
             ... on level 7 of the Dungeon.
             The game lasted 00:08:11 (5805 turns).

BarneyGumball the Cleaver (Gargoyle Fighter)        Turns: 5805, Time: 00:08:11

Health: -5/46      AC: 18    Str: 21    XL:     8   Next: 54%
Magic:  6/8        EV: 10    Int: 10    God:    Okawaru [*.....]
Gold:   393        SH: 11    Dex:  9    Spells: 7/7 levels left

rFire    . . .     SeeInvis .   a - +0 war axe
rCold    . . .     Faith    .   c - +0 kite shield
rNeg     + . .     Spirit   .   b - +0 scale mail
rPois    ∞         Reflect  .   q - +2 helmet
rElec    +         Harm     .   (no cloak)
rCorr    .         Rampage  .   z - +0 pair of gloves
MR       .....                  (no boots)
Stlth    +.........             (no amulet)
HPRegen  0.15/turn              (no ring)
MPRegen  0.11/turn              (no ring)

@: mighty, heroism
A: negative energy resistance 1, electricity resistance, unbreathing,
petrification resistance, rot immunity, AC +5
a: Heroism, Renounce Religion


You were on level 7 of the Dungeon.
You worshipped Okawaru.
Okawaru was aware of your devotion.
You visited 1 branch of the dungeon, and saw 7 of its levels.

You collected 393 gold pieces.

Inventory:

Hand Weapons
 a - a +0 war axe (weapon)
Armour
 b - a +0 scale mail (worn)
 c - a +0 kite shield (worn)
 q - a +2 helmet (worn)
 z - a +0 pair of gloves (worn)
Wands
 r - a wand of polymorph (3)
 t - a wand of iceblast (7)
Scrolls
 d - a scroll of enchant weapon {unknown}
 e - 4 scrolls of magic mapping {unknown}
 h - 7 scrolls of identify {unknown}
 j - 7 scrolls of teleportation {unknown}
 l - a scroll of amnesia {unknown}
 o - 4 scrolls of fear {unknown}
 p - a scroll of enchant armour {unknown}
 u - a scroll of random uselessness
 x - a scroll of remove curse
 y - a scroll of vulnerability {unknown}
 A - 2 scrolls of fog {unknown}
Potions
 f - a potion of stabbing {unknown}
 g - a potion of lignification {unknown}
 i - a potion of ambrosia {unknown}
 k - 2 potions of brilliance {unknown}
 m - 2 potions of flight {unknown}
 n - a potion of heal wounds {unknown}
 s - 3 potions of curing
 v - 3 potions of haste {unknown}


   Skills:
 - Level 3.2(8.2) Fighting
 + Level 9.4(14.4) Axes
 - Level 3.2(8.2) Armour
 - Level 3.2(8.2) Shields


You had 7 spell levels left.
You didn't know any spells.
Your spell library contained the following spells:

 Spells                   Type           Power        Failure   Level
 Animate Skeleton         Necr           #.....       91%         1
 Pain                     Necr           #...         91%         1
 Vampiric Draining        Necr           #.........   100%        3
 Animate Dead             Necr           #.........   100%        4
 Agony                    Necr           #.......     100%        5


Dungeon Overview and Level Annotations

Branches:
Dungeon (7/15)             Temple (0/1) D:7

Altars:
Ashenzari
Elyvilon
Gozag
Hepliaklqana
Okawaru
Qazlal
Ru
Uskayaw
Xom
Yredelemnul
The Shining One

Annotations:
D:3 Sigmund
D:6 3 runed translucent doors, Grijm's ghost, novice OpWn


Innate Abilities, Weirdness & Mutations

You are resistant to torment.
Your stone body is resilient. (AC +5)
You are immune to poison.
You resist negative energy. (rN+)
You are resistant to electric shocks. (rElec)
You can survive without breathing.
You are immune to petrification.
You are immune to rotting.


Message History

Okawaru accepts your kill.
You hear a splash.
You start resting.
Magic restored.
You start resting.
HP restored.
You enter the shallow water.
Moving in this stuff is going to be slow.
A two-headed ogre comes into view.
It is wielding a +0 giant club and a +0 dire flail.
The two-headed ogre shouts in stereo!
The two-headed ogre closely misses you. You block the two-headed ogre's attack.
The two-headed ogre hits you with a cursed +0 giant club!
The two-headed ogre hits you with a +0 dire flail.
You feel very mighty all of a sudden.
The two-headed ogre hits you with a cursed +0 giant club!
The two-headed ogre hits you with a +0 dire flail!
* * * LOW HITPOINT WARNING * * *
You gain the combat prowess of a mighty hero.
The two-headed ogre hits you with a cursed +0 giant club!
You die...

≈♣..........(..# P
♣♣≈♣♣†####......#
≈♣≈≈♣≈≈♣♣≈.((#......#
≈≈≈≈≈≈≈♣≈≈≈♣♣..#......#
≈≈≈≈≈≈≈≈≈≈P≈♣♣.#......#
≈≈≈≈≈≈≈P♣≈≈P≈♣♣#......#
≈≈≈≈≈≈≈P≈≈≈†≈♣≈#...####
≈≈≈≈≈≈≈≈≈≈♣≈≈♣≈###'##
≈≈≈≈≈≈P♣≈≈≈≈≈♣.O@...#
≈≈≈≈≈≈P≈≈≈≈♣≈.......#
≈≈≈≈≈≈≈≈≈≈≈♣≈.......#
PP≈≈≈≈♣♣♣≈≈♣........#
♣♣≈P♣≈♣≈≈≈###########
♣P ≈≈##### .. ... #
####


You could see a two-headed ogre.

Vanquished Creatures
  Grinder (D:3)
  An orc warrior (D:7)
  A sky beast (D:6)
  An ogre (D:7)
  3 centaurs
  A bullfrog (D:6)
  A scorpion (D:6)
  2 electric eels (D:7)
  2 iguanas (D:5)
  A bullfrog skeleton (D:4)
  2 orc wizards (D:7)
  2 worker ants (D:4)
  A hound zombie (D:4)
  Robin (D:3)
  3 gnolls (D:2)
  3 adders
  A shadow imp (D:5)
  A white imp (D:6)
  3 ufetubi
  An ooze (D:1)
  2 worms
  3 dart slugs
  6 orcs (D:7)
  4 giant cockroaches
  19 goblins
  6 hobgoblins
  6 jackals
  6 kobolds
  2 quokkas
  2 ball pythons
  6 bats
  7 frilled lizards
  2 quokka skeletons
  8 rats
111 creatures vanquished.

Vanquished Creatures (others)
  2 plants (D:7)
2 creatures vanquished.

Grand Total: 113 creatures vanquished

Notes
Turn   | Place    | Note
-------+----------+-------------------------------------------
     0 | D:1      | BarneyGumball the Gargoyle Fighter began the quest for the
                  | Orb.
     0 | D:1      | Reached XP level 1. HP: 14/14 MP: 1/1
   160 | D:1      | Reached skill level 2 in Axes
   186 | D:1      | Reached XP level 2. HP: 19/19 MP: 2/2
   670 | D:1      | You fall into a shaft and drop 1 floor!
   684 | D:2      | Reached skill level 3 in Axes
   684 | D:2      | Reached XP level 3. HP: 15/23 MP: 3/3
  1504 | D:2      | Reached XP level 4. HP: 28/28 MP: 4/4
  1507 | D:2      | Reached skill level 4 in Axes
  1820 | D:3      | Noticed Sigmund
  1992 | D:3      | Noticed Grinder
  1995 | D:3      | Paralysed by Grinder for 6 turns
  2017 | D:3      | Paralysed by Grinder for 2 turns
  2028 | D:3      | Killed Grinder
  2028 | D:3      | Reached skill level 5 in Axes
  2028 | D:3      | Reached XP level 5. HP: 15/32 MP: 5/5
  2028 | D:3      | Reached XP level 6. HP: 18/37 MP: 6/6
  2481 | D:3      | Noticed Robin
  2485 | D:3      | Reached skill level 6 in Axes
  2493 | D:3      | Killed Robin
  3279 | D:5      | Entered Level 5 of the Dungeon
  3331 | D:5      | Reached XP level 7. HP: 33/41 MP: 7/7
  3502 | D:5      | Found a broken altar of Ashenzari.
  3515 | D:5      | Reached skill level 7 in Axes
  3909 | D:5      | Found a basalt altar of Yredelemnul.
  3912 | D:5      | Found a white marble altar of Elyvilon.
  3914 | D:5      | Found an iron altar of Okawaru.
  3914 | D:5      | Found a hazy altar of Hepliaklqana.
  3915 | D:5      | Found a glowing golden altar of the Shining One.
  3954 | D:5      | Became a worshipper of Warmaster Okawaru
  3977 | D:5      | Found a sacrificial altar of Ru.
  3977 | D:5      | Found a stormy altar of Qazlal.
  3977 | D:5      | Found a hide-covered altar of Uskayaw.
  4046 | D:6      | Found a runed translucent gate.
  4046 | D:6      | Found a runed translucent gate.
  4047 | D:6      | Found a runed translucent gate.
  4048 | D:6      | Found an opulent altar of Gozag.
  4049 | D:6      | Noticed Grijm's ghost (novice OpWn)
  4049 | D:6      | Noticed a wraith
  4239 | D:6      | Reached skill level 8 in Axes
  4360 | D:6      | Found a shimmering altar of Xom.
  4401 | D:6      | Reached XP level 8. HP: 28/46 MP: 8/8
  5434 | D:7      | Reached * piety under Okawaru
  5434 | D:7      | Reached skill level 9 in Axes
  5513 | D:7      | Found a staircase to the Ecumenical Temple.
  5793 | D:7      | Noticed a two-headed ogre
  5805 | D:7      | Slain by a two-headed ogre

Illustrated notes

Levels and vault maps discovered:
D:1:      dpeg_arrival_leaves_temple_mockup, layout_basic, grunt_decor_cap,
          minmay_nonomino_d4
D:2:      layout_rooms
D:3:      layout_basic, uniq_sigmund, uniq_robin, uniq_grinder
D:4:      layout_loops_ring
D:5:      layout_basic, grunt_temple_overflow_open, cheibrodos_ashenzari_chains,
          gammafunk_temple_overflow_forgotten
D:6:      layout_basic, kennysheep_little_box, ebering_ghost_gozag,
          kennysheep_generic_room_7
D:7:      layout_gridville, minmay_temple_entry_gardened_gates,
          serial_bayou_lake_a

Skill      XL: |  1  2  3  4  5  6  7  8 |
---------------+-------------------------+-----
Axes           | 2 3 5 6 8 9 |  9.4
Fighting       | |  3.2
Armour         | |  3.2
Shields        | |  3.2

Action                   |  1- 3 |  4- 6 |  7- 9 || total
-------------------------+-------+-------+-------++-------
Melee: War axe           |    99 |   147 |   185 ||   431
Invok: Heroism           |       |       |     2 ||     2
  Use: Potion            |       |     1 |     2 ||     3
       Scroll            |       |       |     2 ||     2
Armor: Scale mail        |    43 |    89 |    90 ||   222
Dodge: Dodged            |    29 |    47 |    42 ||   118
Block: Kite shield       |    48 |    63 |    81 ||   192

Table legend: (Time is in decaauts)
 A = Elapsed time spent in this place.
 B = Non-inter-level travel time spent in this place.
 C = Inter-level travel time spent in this place.
 D = Time resting spent in this place.
 E = Time spent auto-exploring this place.
 F = Levels seen in this place.
 G = Mean time per level.
                   A        B        C        D        E       F      G
               +--------+--------+--------+--------+--------+-----+--------+
         Total |   5938 |   5680 |    258 |   1143 |   3479 |   7 |  848.3 |
       Dungeon |   5938 |   5680 |    258 |   1143 |   3479 |   7 |  848.3 |
               +--------+--------+--------+--------+--------+-----+--------+

Top non-repeatable levels by time:
     D:2: 1029 daAuts
     D:1: 1004 daAuts
     D:6: 931 daAuts
     D:5: 918 daAuts
     D:7: 720 daAuts
     D:3: 712 daAuts
     D:4: 620 daAuts
